Map: Cyber Forest LE

Players

Psymysz

  • Race: Terran Terran
  • League: Master
  • Spawn Location: 5:00

kemachi - Winner!

  • Race: Zerg Zerg
  • League: Diamond
  • Spawn Location: 11:00

VOD

Have the link to the VOD?

Description

Time

  • Played on: March 18, 2019, 5:31 p.m.
  • Length: 19:37
Show
View Real Time Build Order
Export as new Build Order

Psymysz Terran 

Build Orders:  

Get SALT Encoding   

  12  0:00  SCV  
  13  0:12  SCV  
  14  0:19  Supply Depot  
  14  0:25  SCV  
  15  0:41  SCV  
  15  0:42  Barracks  
  16  0:56  Barracks  
  17  1:11  SCV  
  17  1:12  Barracks  
  17  1:23  SCV  
  18  1:26  Supply Depot  
  18  1:28  Marine  
  19  1:35  SCV  
  20  1:43  Marine  
  20  1:46  Marine  
  22  1:47  SCV  
  23  2:03  Supply Depot  
  23  2:04  Marine x2  
  25  2:25  Marine  
  26  2:36  Marine x2  
  27  2:47  Bunker  
  27  2:50  SCV  
  26  2:54  Marine  
  27  3:02  SCV  
  26  3:14  SCV  
  25  3:22  Marine x3  
  25  3:26  SCV  
  26  3:38  SCV  
  26  3:40  Marine  
  25  3:43  Marine x2  
  27  3:50  SCV  
  28  3:57  Marine  
  28  4:01  Marine x2  
  28  4:02  Refinery  
  31  4:06  Orbital Command  
  31  4:15  Marine  
  32  4:19  Marine x2  
  34  4:33  Marine, SCV  
  34  4:37  Marine x2, Supply Depot  
  38  4:48  SCV  
  39  4:58  Marine x3  
  42  5:03  Refinery  
  42  5:16  Marine x3  
  32  5:34  Marine x3  
  30  5:52  Marine x3  
  29  5:59  Bunker  
  29  6:03  Factory  
  28  6:06  Bunker  
  27  6:26  SCV  
  28  6:38  SCV  
  29  6:42  Command Center  
  28  6:50  SCV  
  28  6:53  Bunker  
  27  6:58  Supply Depot x2  
  27  6:59  Supply Depot  
  26  7:02  Factory Tech Lab, SCV  
  27  7:14  SCV  
  21  7:26  SCV  
  21  7:33  Siege Tank  
  23  7:38  SCV  
  23  7:39  Marine x2  
  21  7:51  SCV  
  22  8:03  SCV  
  21  8:15  SCV  
  22  8:27  SCV  
  22  8:28  Orbital Command  
  22  8:30  Siege Tank  
  26  8:39  SCV  
  27  8:51  SCV  
  22  9:02  Marine  
  22  9:03  Marine x2, SCV  
  26  9:15  SCV  
  28  9:17  SCV  
  28  9:27  SCV  
  28  9:29  SCV  
  30  9:39  SCV  
  30  9:40  Bunker  
  30  9:41  SCV  
  32  9:49  Starport  
  32  9:51  Siege Tank  
  32  9:52  SCV  
  36  9:53  Barracks Tech Lab, SCV  
  36  9:54  Barracks Tech Lab  
  36  9:55  Barracks Reactor  
  37  10:04  SCV  
  37  10:06  Orbital Command  
  38  10:13  Concussive Shells  
  38  10:15  Stimpack  
  38  10:18  Marauder  
  38  10:19  Marauder  
  42  10:24  SCV  
  43  10:32  SCV  
  44  10:36  SCV  
  45  10:43  Bunker  
  45  10:44  SCV  
  45  10:48  SCV  
  47  10:53  Starport Reactor  
  47  10:54  Siege Tank  
  47  10:56  SCV  
  51  11:00  SCV  
  51  11:02  Supply Depot  
  52  11:08  SCV  
  51  11:12  SCV  
  51  11:14  Marine x2, Marauder x2  
  58  11:20  SCV, Refinery  
  58  11:24  SCV  
  60  11:27  Supply Depot  
  60  11:32  Medivac x2, SCV  
  65  11:34  Marine  
  65  11:35  Marine  
  65  11:36  Marine, SCV  
  69  11:42  Supply Depot  
  69  11:45  Marine  
  70  11:52  Marine x2, Supply Depot  
  72  12:01  Marine  
  72  12:02  Marine, Medivac x2  
  78  12:14  Marine x2  
  80  12:17  Combat Shield  
  80  12:19  Marine  
  80  12:20  Marine  
  82  12:31  Marine x2  
  82  12:36  Marine  
  85  12:38  Marine  
  86  12:49  Marine  
  85  12:55  Liberator x2  
  68  13:02  Marine x3  
  66  13:07  Marine  
  66  13:12  Siege Tank  
  73  13:20  Marine x3  
  73  13:25  Marine  
  77  13:30  Barracks  
  77  13:37  Marine  
  77  13:38  Marine x2  
  70  13:43  Marine  
  70  13:47  Siege Tank  
  74  13:50  SCV x2  
  74  13:53  Refinery  
  74  13:55  Marine  
  76  13:56  Marauder x2  
  76  14:00  Marine, Medivac x2  
  86  14:13  Marine  
  87  14:17  Marine, Marauder  
  87  14:18  Marine, Marauder  
  87  14:22  Engineering Bay  
  93  14:36  Barracks Tech Lab  
  93  14:39  Marine  
  93  14:43  Supply Depot  
  94  15:04  Marine x3, Siege Tank  
  94  15:05  Marauder  
  102  15:23  Terran Infantry Weapons Level 1  
  102  15:25  Engineering Bay  
  102  15:26  Command Center  
  102  15:42  Marine  
  102  15:43  Marine  
  102  15:44  Marine, Marauder  
  69  15:57  Marauder  
  69  16:00  Marine  
  69  16:01  Marine, Marauder  
  75  16:06  Marauder  
  68  16:18  Marine, Marauder  
  69  16:19  Marine  
  69  16:22  Marine  
  73  16:26  Marine  
  73  16:32  Orbital Command  
  74  16:36  Marine  
  74  16:39  Terran Infantry Armor Level 1  
  77  16:40  Marauder x2  
  77  16:45  Marauder  
  81  16:59  SCV  
  82  17:03  Marine x3  
  82  17:04  Marine  
  82  17:06  Marine  
  87  17:09  Siege Tank  
  87  17:11  SCV  
  87  17:13  Medivac x2  
  95  17:20  Supply Depot  
  95  17:22  Marauder x2, Refinery  
  99  17:23  Orbital Command, SCV  
  99  17:26  SCV  
  92  17:38  SCV  
  83  17:48  Marine x2  
  83  17:49  Marine, Marauder x2  
  83  17:50  SCV  
  76  18:00  Siege Tank  
  79  18:06  Marine x3  
  79  18:09  Marine x2  
  84  18:14  Command Center  
  84  18:22  Armory  
  84  18:24  Marine x3  
  87  18:27  Marine x2  
  89  18:40  Siege Tank  
  92  18:42  Marine x3  
  92  18:45  Marine x2  
  78  18:59  Marine  
  63  19:03  Marine x4  
  54  19:17  Marine  
  54  19:23  SCV x2  
Show
View Real Time Build Order
Export as new Build Order

kemachi Zerg - Winner!

Build Orders: Pool First 

Get SALT Encoding   

  12  0:17  Spawning Pool  
  11  0:22  Drone  
  11  0:27  Drone  
  13  0:31  Drone  
  14  0:39  Overlord  
  14  1:05  Zergling x6  
  17  1:16  Drone  
  18  1:20  Hatchery  
  17  1:26  Drone  
  18  1:37  Drone  
  18  1:39  Queen  
  21  1:48  Overlord  
  21  2:07  Spine Crawler  
  20  2:08  Spine Crawler  
  17  2:19  Drone x2  
  17  2:21  Queen  
  21  2:28  Overlord  
  21  2:38  Extractor  
  21  2:39  Queen  
  22  2:54  Zergling x6  
  25  3:03  Zergling x6  
  22  3:26  Queen x2  
  21  3:42  Zergling x8  
  23  4:12  Roach Warren  
  23  4:13  Drone x4  
  27  4:17  Drone  
  27  4:22  Drone  
  28  4:31  Drone  
  28  4:33  Drone  
  30  4:53  Extractor, Roach x3  
  35  5:10  Roach  
  31  5:27  Roach x5  
  33  5:34  Roach  
  31  5:49  Overlord x3  
  31  6:07  Queen  
  31  6:09  Roach x2  
  37  6:22  Roach x2  
  37  6:23  Roach  
  43  6:49  Ravager  
  44  6:59  Drone x3  
  47  7:06  Hatchery  
  44  7:11  Roach  
  40  7:24  Roach  
  40  7:27  Ravager  
  36  7:38  Roach  
  34  7:46  Ravager  
  34  7:49  Roach  
  37  7:58  Roach  
  37  8:04  Roach  
  41  8:12  Ravager  
  42  8:20  Ravager  
  42  8:25  Queen  
  42  8:26  Queen  
  47  8:27  Drone x4  
  51  8:36  Ravager  
  51  8:40  Overlord x2  
  52  8:45  Ravager  
  47  9:00  Roach x4  
  49  9:12  Ravager  
  50  9:21  Drone x6  
  56  9:45  Drone x3  
  59  9:52  Lair  
  59  9:54  Hatchery  
  58  10:06  Overlord x3  
  58  10:09  Ravager  
  58  10:10  Ravager x2  
  61  10:21  Roach x2  
  65  10:26  Extractor, Drone  
  65  10:27  Extractor  
  65  10:28  Queen  
  64  10:31  Spore Crawler  
  64  10:34  Spore Crawler  
  64  10:44  Drone x4  
  64  10:45  Drone  
  64  10:47  Drone  
  70  10:56  Roach  
  74  10:57  Roach  
  74  11:04  Drone x4  
  68  11:16  Queen  
  70  11:19  Ravager x2  
  70  11:21  Roach x2  
  76  11:26  Evolution Chamber  
  76  11:29  Glial Reconstitution, Evolution Chamber  
  74  11:34  Drone x2  
  74  11:36  Drone  
  77  11:56  Zerg Ground Armor Level 1, Zerg Missile Weapons Level 1  
  77  11:57  Roach x3  
  83  12:11  Hydralisk Den, Drone x6  
  83  12:14  Roach  
  90  12:17  Roach  
  92  12:28  Overlord x2  
  84  12:53  Roach x10  
  90  13:03  Roach  
  90  13:04  Roach x3  
  82  13:12  Grooved Spines  
  74  13:22  Ravager x2  
  74  13:23  Ravager x3  
  74  13:24  Roach  
  74  13:25  Roach x3  
  85  13:38  Roach x6  
  95  13:46  Roach x3  
  101  14:08  Hydralisk x3  
  107  14:11  Overlord  
  107  14:12  Overlord x2  
  107  14:13  Zerg Missile Weapons Level 2  
  107  14:24  Muscular Augments  
  107  14:36  Hydralisk, Hatchery  
  107  14:37  Hydralisk  
  110  14:48  Zerg Ground Armor Level 2  
  110  14:59  Hydralisk x2  
  114  15:24  Hatchery  
  113  15:30  Hydralisk x4  
  113  15:31  Hydralisk x2  
  91  15:53  Roach x6  
  91  15:54  Roach  
  79  16:07  Hydralisk x2  
  79  16:08  Hydralisk  
  77  16:17  Hydralisk x2  
  81  16:26  Hydralisk x2  
  85  16:36  Hydralisk  
  87  16:40  Extractor  
  87  16:42  Extractor  
  85  16:48  Hydralisk x2  
  89  16:54  Ravager x2  
  89  16:56  Ravager x2  
  89  16:59  Drone x5  
  98  17:14  Hydralisk  
  100  17:17  Hydralisk x3  
  106  17:24  Queen  
  100  17:37  Hydralisk x4  
  100  17:45  Hydralisk x2  
  79  17:56  Roach  
  79  17:57  Roach x4  
  84  18:06  Roach x3  
  90  18:19  Roach x5  
  100  18:24  Ravager  
  100  18:25  Ravager x3  
  104  18:38  Roach  
  104  18:39  Roach x4  
  112  18:52  Roach x6  
  105  19:01  Roach x3  
Tags
 
Add a new tag
Caveats
  • Supply blocks, unpowered buildings, or Contaminate may cause inaccurate times.
  • Supply counts are checked every 10 seconds.